 Dungeon Crawl Stone Soup version 0.28-b1-1-g3c77fb2ed1 (webtiles) character file.

Game seed: 5891484496566372298

82 crazypyro the Chopper (level 4, -1/39 HPs)
             Began as a Minotaur Fighter on Jan 29, 2022.
             Was a Follower of Zin.
             Killed from afar by a goblin (11 damage)
             ... with a puff of flame
             ... on level 3 of the Dungeon.
             The game lasted 00:02:31 (2220 turns).

crazypyro the Chopper (Minotaur Fighter)            Turns: 2220, Time: 00:02:31

Health: -1/39      AC:  6    Str: 22    XL:     4   Next: 21%
Magic:  3/3        EV:  9    Int:  5    God:    Zin [*.....]
Gold:   31         SH:  4    Dex: 10    Spells: 3/3 levels left

rFire   . . .      SeeInvis .   a - +1 war axe
rCold   . . .      Faith    .   c - +0 buckler
rNeg    . . .      Spirit   .   b - +0 scale mail
rPois   .          Reflect  .   (helmet restricted)
rElec   .          Harm     .   (no cloak)
rCorr   .          Rampage  .   (no gloves)
Will    .....                   (no boots)
Stlth   ..........              (no amulet)
HPRegen 0.13/turn               (no ring)
MPRegen 0.08/turn               (no ring)

@: no status effects
A: horns 2, retaliatory headbutt
a: Renounce Religion, Recite, Donate Gold


You were on level 3 of the Dungeon.
You worshipped Zin.
Zin was aware of your devotion.
You visited 1 branch of the dungeon, and saw 3 of its levels.

You collected 34 gold pieces.
You donated 3 gold pieces to Zin.

Inventory:

Hand Weapons
 a - a +1 war axe (weapon)
 j - the +6 spear "Jellyslayer" {vamp, Stlth+}
   (You found it on level 3 of the Dungeon)

   It occasionally heals its wielder for a portion of the damage dealt when it
   wounds a living foe.
   Stlth:     It makes you more stealthy.
   Zin disapproves of the use of such an item.
Armour
 b - a +0 scale mail (worn)
 c - a +0 buckler (worn)
Jewellery
 f - a ring of ice
 h - an amulet of guardian spirit
Scrolls
 e - a scroll of enchant weapon
 g - 2 scrolls of identify {unknown}
 l - a scroll of brand weapon {unknown}
Potions
 d - a potion of might
 i - a potion of haste
 k - a potion of curing {unknown}


   Skills:
 - Level 3.6 Fighting
 - Level 5.5 Axes
 * Level 0.0(3.3) Polearms
 - Level 3.6 Armour
 - Level 3.6 Shields


You had 3 spell levels left.
You didn't know any spells.
Your spell library was empty.

Dungeon Overview and Level Annotations

Branches:
Dungeon (3/15)

Altars:
Zin

Shops:
D:1 :

Annotations:
D:3 Jessica


Innate Abilities, Weirdness & Mutations

You have a pair of horns on your head.
You reflexively headbutt those who attack you in melee.


Message History

No target in view!
Things that are here:
a +0 club; 7 poisoned darts A goblin comes into view.
It is wielding a +0 club and carrying a wand of flame (25).
The goblin shouts!
A goblin is nearby!
Jessica the Apprentice Sorceress comes into view.
She is wielding a +0 club.
Jessica shouts!
Found 38 bolts.
Jessica drinks a potion.
Jessica seems to speed up.
You enter the shallow water.
Moving in this stuff is going to be slow.
Found a scroll of amnesia.
Jessica closely misses you. Jessica hits you but does no damage.
Your unstable footing causes you to fumble your attack.
Jessica mumbles something strange.
Jessica hits you with a +0 club!
The goblin splashes around in the water.
You block Jessica's attack.
Your unstable footing causes you to fumble your attack.
Jessica mumbles some strange words.
Jessica blinks!
The goblin hits you with a +0 club.
You closely miss the goblin. You hit the plant.
The plant begins to die.
You hit the plant.
The plant begins to die.
You block the goblin's attack.
The goblin zaps a wand.
The puff of flame hits you.
Jessica shouts, "You are a ghastly nuisance!"
Your unstable footing causes you to fumble your attack.
You are engulfed in a cloud of scalding steam.
The goblin hits you but does no damage.
You are too injured to fight recklessly!
You are too injured to fight recklessly!
A nearby plant withers and dies.
A nearby plant withers and dies.
The goblin zaps a wand.
The puff of flame hits you!
* * * LOW HITPOINT WARNING * * *
You barely miss Jessica. You headbutt Jessica.
Jessica is severely wounded.
Jessica mumbles some strange words.
Jessica blinks!
The goblin zaps a wand.
The puff of flame hits you!
You die...

.#.#.#. ##.......##.#
#.#.#.#
##.........##.#.#.#.#.
.'.........+.#.#.#.#.#
..#...@.......#.#.#.#.#.
..#.#.......#..#.#.#.#.#
.P.PP.P....# ##.#.#.#.#.
.(≈≈......# #.#.#.#.#.#
?≈≈≈≈≈♣@.# ##.#.#.#.#.
≈≈≈≈≈≈≈..# #.#.#.#.#.#
≈≈≈≈≈≈≈§g# ##.#.#.#.#.
≈≈≈≈≈≈≈≈.#####.#.#.#.#.#
≈≈≈≈≈≈≈.......######.###
.≈≈≈≈≈.P...##........#
.(≈≈≈≈..P.############
.≈≈..P.P.## P≈.......#


You could see Jessica (fast) and a goblin.

Vanquished Creatures
  2 adders
  4 worms (D:2)
  4 dart slugs
  2 endoplasms (D:1)
  A giant cockroach (D:1)
  A goblin (D:2)
  9 hobgoblins
  5 kobolds
  2 quokkas
  3 ball pythons
  5 bats
  2 frilled lizards
  7 rats
47 creatures vanquished.

Vanquished Creatures (others)
  4 plants (D:3)
4 creatures vanquished.

Grand Total: 51 creatures vanquished

Notes
Turn   | Place    | Note
-------+----------+-------------------------------------------
     0 | D:1      | crazypyro the Minotaur Fighter began the quest for the Orb.
     0 | D:1      | Reached XP level 1. HP: 19/19 MP: 0/0
   128 | D:1      | Reached skill level 3 in Axes
   203 | D:1      | Reached XP level 2. HP: 19/26 MP: 1/1
   399 | D:1      | Found Xabiex's Book Shop.
   738 | D:1      | Reached skill level 4 in Axes
   802 | D:1      | Found a faded altar of an unknown god.
   813 | D:1      | Prayed at the altar of an unknown god.
   813 | D:1      | Became a worshipper of Zin the Law-Giver
   813 | D:1      | Reached * piety under Zin
   929 | D:1      | Reached XP level 3. HP: 31/31 MP: 2/2
  1249 | D:2      | Reached skill level 5 in Axes
  1655 | D:2      | Reached XP level 4. HP: 39/39 MP: 3/3
  2035 | D:3      | Identified the +6 spear "Jellyslayer" {vamp, Stlth+}
  2209 | D:3      | Noticed Jessica
  2220 | D:3      | Killed from afar by a goblin

Illustrated notes

Levels and vault maps discovered:
D:1:      scummos_arrival_gate, layout_loops_ring, serial_shops, shop,
          shapermc_ecumenical_altar_notcrosses, st_stairs_7
D:2:      layout_loops_ring, kennysheep_big_empty_room,
          kennysheep_generic_room_14
D:3:      layout_loops_corners, minivault_23, guppyfry_early_lair_pool,
          uniq_jessica, uniq_grinder

Skill      XL: |  1  2  3 |
---------------+----------+-----
Axes           | 3 4 5 |  5.5
Fighting       | |  3.6
Armour         | |  3.6
Shields        | |  3.6

Action                   |  1- 3 |  4- 6 || total
-------------------------+-------+-------++-------
Melee: War axe           |    84 |    14 ||    98
       Headbutt          |    14 |     1 ||    15
  Use: Scroll            |     4 |       ||     4
Armor: Scale mail        |    23 |     4 ||    27
Dodge: Dodged            |    34 |     5 ||    39
Block: Buckler           |    16 |     3 ||    19
